 Dungeon Crawl Stone Soup version 0.29-a0-582-ge82337ba6a (webtiles) character file.

Game seed: 5391675563071892600

49 spaghetti the Chopper (level 3, 0/31 HPs)
             Began as a Gnoll Wanderer on June 15, 2022.
             Slain by a hobgoblin
             ... wielding a +0 trident
              (5 damage)
             ... on level 2 of the Dungeon.
             The game lasted 00:02:10 (1457 turns).

spaghetti the Chopper (Gnoll Wanderer)              Turns: 1457, Time: 00:02:11

Health: 0/31       AC:  3    Str: 17    XL:     3   Next: 75%
Magic:  7/7        EV: 11    Int: 10    God:
Gold:   88         SH:  0    Dex:  8    Spells: 7/7 levels left

rFire   . . .      SeeInvis .   a - +2 hand axe {axe}
rCold   . . .      Faith    .   (no shield)
rNeg    . . .      Spirit   .   e - +0 leather armour
rPois   .          Reflect  .   (no helmet)
rElec   .          Harm     .   (no cloak)
rCorr   .          Rampage  .   (no gloves)
Will    .....                   (no boots)
Stlth   +.........              (no amulet)
HPRegen 0.10/turn               (no ring)
MPRegen 0.10/turn               (no ring)

@: no status effects
A: fangs 1, strong nose, distributed training
a: no special abilities


You were on level 2 of the Dungeon.
You visited 1 branch of the dungeon, and saw 2 of its levels.

You collected 88 gold pieces.


Innate Abilities, Weirdness & Mutations

You have very sharp teeth.
Your uncanny sense of smell can sniff out nearby items.
Your experience applies equally to all skills.


   Skills:
 + Level 4.5 Fighting
 + Level 0.9 Short Blades
 + Level 0.9 Long Blades
 + Level 6.5 Axes
 + Level 0.9 Maces & Flails
 + Level 0.9 Polearms
 + Level 0.9 Staves
 + Level 0.9 Slings
 + Level 0.9 Bows
 + Level 0.9 Crossbows
 + Level 0.9 Throwing
 + Level 2.6 Armour
 + Level 2.6 Dodging
 + Level 2.4 Stealth
 + Level 0.9 Shields
 + Level 0.9 Unarmed Combat
 + Level 2.8 Spellcasting
 + Level 0.6 Conjurations
 + Level 0.6 Hexes
 + Level 0.6 Summonings
 + Level 0.6 Necromancy
 + Level 0.6 Translocations
 + Level 0.6 Transmutations
 + Level 0.6 Fire Magic
 + Level 0.6 Ice Magic
 + Level 0.6 Air Magic
 + Level 0.6 Earth Magic
 + Level 0.6 Poison Magic
 + Level 1.0 Invocations
 + Level 2.6 Evocations


You had 7 spell levels left.
You didn't know any spells.
Your spell library contained the following spells:

 Spells                   Type           Power      Damage    Failure   Level
 Ensorcelled Hibernation  Hex/Ice        4%         N/A       36%         2
 Passwall                 Tmut/Erth      1%         N/A       36%         2
 Swiftness                Air            2%         N/A       61%         3

Inventory:

Hand Weapons
 a - a +2 hand axe (weapon) {axe}
Missiles
 h - 22 stones {throwing}
Armour
 e - a +0 leather armour (worn)
Scrolls
 d - a scroll of summoning
 f - a scroll of teleportation {unknown}
 g - a scroll of poison {unknown}
Potions
 b - 2 potions of curing {@q1}
 i - a potion of magic {unknown}
Miscellaneous
 c - a piece from Xom's chessboard (15/15) (quivered)

Dungeon Overview and Level Annotations

Branches:
Dungeon (2/15)

Altars:

.# .## .# ..# ###.### #.#
#.....# ..# #.....#
#######.# #.....#
........# #..)..#
#######.## #)@...# #....#
#.[...# ###.#..#
###.....# #...#..#
#...#.### ###.###..##
#.#.#.#
....###.>.###.#...#
##...##...........#
...#.####.####.##.#######
#..#...##..# #.##.##....#


There were no monsters in sight!


Message History

You kill the ball python!
No target in view!
No target in view!
No target in view!
No target in view!
No target in view!
No target in view!
No target in view!
No target in view!
No target in view!
No target in view!
No target in view!
No target in view! 😕 HP[-1]
You take 1 damage, and now have 30/31 hp.
Unknown command. 😎 HP[+1]
Your hp is fully restored (31).
There is an escape hatch in the floor here.
A goblin comes into view. It is wielding a +0 club.
A goblin is nearby!
A goblin is nearby!
A goblin is nearby!
The goblin shouts!
A goblin comes into view. It is wielding a +0 club.
The goblin shouts!
The goblin moves out of view.
You hit the goblin. You bite the goblin.
The goblin hits you but does no damage.
You slash the goblin!
You kill the goblin!
The goblin hits you with a +0 club.
You see here a +0 club {mace}.
You are too injured to fight recklessly!
You are too injured to fight recklessly!
You are too injured to fight recklessly! 😕 HP[-3]
You take 3 damage, and now have 28/31 hp.
You are too injured to fight recklessly!
You are too injured to fight recklessly!
You are too injured to fight recklessly!
You are too injured to fight recklessly!
You are too injured to fight recklessly!
You are too injured to fight recklessly!
You are too injured to fight recklessly!
You are too injured to fight recklessly!
You are too injured to fight recklessly!
You are too injured to fight recklessly!
You are too injured to fight recklessly!
You are too injured to fight recklessly!
You are too injured to fight recklessly!
You are too injured to fight recklessly!
You are too injured to fight recklessly!
You closely miss the goblin. Your bite misses the goblin.
The goblin misses you.
You closely miss the goblin. The goblin closely misses you.
You hit the goblin.
You kill the goblin!
You see here a +0 club {mace}.
You now have 70 gold pieces (gained 11).
You now have 78 gold pieces (gained 8).
Key pressed, stopping explore.
You now have 88 gold pieces (gained 10).
Key pressed, stopping explore.
A hobgoblin comes into view. It is wielding a +0 trident. 😎 HP[+3]
Your hp is fully restored (31).
A hobgoblin is nearby!
A kobold comes into view. It is wielding a +0 whip.
The hobgoblin shouts!
The hobgoblin drinks a potion.
The hobgoblin flickers and vanishes!
Deactivating autopickup; reactivate with Ctrl-A.
Unknown command.
You closely miss the kobold. You bite the kobold.
The kobold hits you but does no damage. Something completely misses you.
You closely miss the kobold. The kobold hits you with a +0 whip.
Something hits you. 😕 HP[-7]
You take 7 damage, and now have 24/31 hp.
MASSIVE DAMAGE!! (PAUSE)
You hit the kobold.
You kill the kobold!
Something hits you. 😮 HP[-5]
You take 5 damage, and now have 19/31 hp.
Something hits you.
You see here a +0 whip {mace}. 😮 HP[-2]
You take 2 damage, and now have 17/31 hp.
You closely miss something. Something hits you.
* * * LOW HITPOINT WARNING * * *
😨 HP[-6]
You take 6 damage, and now have 11/31 hp.
Something hits you.
* * * LOW HITPOINT WARNING * * *
😱 HP[-6]
You take 6 damage, and now have 5/31 hp.
Something hits you.
You die...

Skill      XL: |  1  2  3 |
---------------+----------+-----
Invocations    | 1 |  1.0
Fighting       | |  4.5
Short Blades   | |  0.9
Long Blades    | |  0.9
Axes           | |  6.5
Maces & Flails | |  0.9
Polearms       | |  0.9
Staves         | |  0.9
Slings         | |  0.9
Bows           | |  0.9
Crossbows      | |  0.9
Throwing       | |  0.9
Armour         | |  2.6
Dodging        | |  2.6
Stealth        | |  2.4
Shields        | |  0.9
Unarmed Combat | |  0.9
Spellcasting   | |  2.8
Conjurations   | |  0.6
Hexes          | |  0.6
Summonings     | |  0.6
Necromancy     | |  0.6
Translocations | |  0.6
Transmutations | |  0.6
Fire Magic     | |  0.6
Ice Magic      | |  0.6
Air Magic      | |  0.6
Earth Magic    | |  0.6
Poison Magic   | |  0.6
Evocations     | |  2.6

Action                   || total
-------------------------++-------
Melee: Hand axe          ||    82
       Bite              ||     5
       Punch             ||     1
 Stab: Sleeping          ||     3
Armor: Leather armour    ||    22
Dodge: Dodged            ||    37

Levels and vault maps discovered:
D:1:      dpeg_arrival_lava_altar, layout_basic, st_stairs_7,
          serial_bayou_lagoon_a, kennysheep_crisscross
D:2:      layout_basic

Notes
Turn   | Place    | Note
-------+----------+-------------------------------------------
     0 | D:1      | spaghetti the Gnoll Wanderer began the quest for the Orb.
     0 | D:1      | spaghetti set off with the following items: a +2 hand axe
                  | {axe}, a potion of curing {@q1}, a piece from Xom's
                  | chessboard (15/15), a scroll of summoning, a +0 leather
                  | armour
     0 | D:1      | Reached XP level 1. HP: 20/20 MP: 4/4
     0 | D:1      | magus.rc [v1.9.6]
   101 | D:1      | Reached XP level 2. HP: 19/26 MP: 5/5
   637 | D:1      | Reached XP level 3. HP: 31/31 MP: 7/7
  1315 | D:2      | Reached skill level 1 in Invocations
  1323 | D:2      | You pick up a book of Burglary and begin reading...
  1323 | D:2      | You add the spells Passwall, Ensorcelled Hibernation and
                  | Swiftness to your library.
  1456 | D:2      | HP: 5/31 [something (6)]
  1457 | D:2      | Slain by a hobgoblin

Vanquished Creatures
  An adder (D:2)
  A worm (D:2)
  8 ball pythons
  3 bats (D:1)
  5 endoplasms (D:1)
  3 giant cockroaches (D:1)
  4 goblins
  A hobgoblin (D:1)
  2 jackals (D:1)
  2 frilled lizards (D:1)
  2 kobolds
  3 rats
35 creatures vanquished.

Vanquished Creatures (others)
  11 plants (D:1)
11 creatures vanquished.

Grand Total: 46 creatures vanquished

Table legend:
 A = Non-vault XP
 B = Vault XP
 C = Vault XP percentage of total XP
 D = Non-vault monster count
 E = Vault monster count
 F = Vault count percentage of total count
                 A         B        C        D         E       F
            +---------+---------+-------+---------+---------+-------
      Total |      66 |       4 |   5.7 |      33 |       2 |   5.7
            +---------+---------+-------+---------+---------+-------
        D:1 |      41 |       4 |   8.9 |      26 |       2 |   7.1
        D:2 |      25 |       0 |   0.0 |       7 |       0 |   0.0
            +---------+---------+-------+---------+---------+-------

Illustrated notes

Table legend:
 A = Kills in this place as a percentage of kills in entire the game.
 B = Kills by you in this place as a percentage of kills by you in the entire game.
 C = Kills by friends in this place as a percentage of kills by friends in the entire game.
 D = Other kills in this place as a percentage of other kills in the entire game.
 E = Experience gained in this place as a percentage of experience gained in the entire game.
 F = Experience gained in this place divided by the number of levels of this place that you have seen.
                   A       B       C       D       E      F
               +-------+-------+-------+-------+-------+----------------------
         Total | 100.0 | 100.0 |   N/A |   N/A | 100.0 |  35.0
       Dungeon | 100.0 | 100.0 |   N/A |   N/A | 100.0 |  35.0
               +-------+-------+-------+-------+-------+----------------------

Table legend: (Time is in decaauts)
 A = Elapsed time spent in this place.
 B = Non-inter-level travel time spent in this place.
 C = Inter-level travel time spent in this place.
 D = Time resting spent in this place.
 E = Time spent auto-exploring this place.
 F = Levels seen in this place.
 G = Mean time per level.
                   A        B        C        D        E       F      G
               +--------+--------+--------+--------+--------+-----+--------+
         Total |   1460 |   1439 |     21 |      0 |   1222 |   2 |  730.0 |
       Dungeon |   1460 |   1439 |     21 |      0 |   1222 |   2 |  730.0 |
               +--------+--------+--------+--------+--------+-----+--------+

Top non-repeatable levels by time:
     D:1: 1161 daAuts
     D:2: 298 daAuts
